 Adventure DCSS version bcrawl-1.31.3 (webtiles) character file.

Game seed: 6933714286903040791

412153 raph the Impaler (level 14, -4/118 HPs)
             Began as a Merfolk Gladiator on Apr 21, 2021.
             Was the Champion of Zin.
             Shot with an arrow by a satyr (21 damage)
             ... on level 2 of the Shoals on Apr 22, 2021.
             The game lasted 00:52:46 (22423 turns).

raph the Impaler (Merfolk Gladiator)               Turns: 22423, Time: 00:52:47

Health: -4/118     AC: 17    Str: 22    XL:     14   Next: 88%
Magic:  22/22      EV: 30    Int:  9    God:    Zin [******]
Gold:   678        SH:  8    Dex: 30    Spells: 15/24 levels left
                                        Lives:  0   Deaths: 2

rFire    . . .     SeeInvis .   W - +1 glaive (flame)
rCold    . . .     Gourm    .   (shield currently unavailable)
rNeg     . . .     Faith    .   D - +1 acid dragon scales
rPois    .         Spirit   .   c - +2 helmet
rElec    .         Reflect  .   A - +1 cloak
rCorr    +         Harm     .   y - +0 pair of gloves
MR       .....                  f - +0 pair of boots
Stlth    +++.......             n - amulet of regeneration
HPRegen  0.95/turn              Z - ring of the Priest {MR- Str+8 Int+2 Stlth++}
MPRegen  0.18/turn              Y - +7 ring of dexterity

@: singing (expiring), mesmerised, slowed, glowing, very slow
A: change form in water, swift swim, stealthy swim
a: Recite, Vitalisation, Imprison, Sanctuary, Donate Gold, Renounce Religion


You were on level 2 of the Shoals.
You worshipped Zin.
Zin was exalted by your worship.
You were not hungry.

You visited 5 branches of the dungeon, and saw 21 of its levels.
You also visited: Volcano.

You collected 2440 gold pieces.
You spent 1499 gold pieces at shops.
You donated 263 gold pieces to Zin.

Inventory:

Hand Weapons
 a - the +7 trident "Ruliguant" {pierce, rPois rN+ Stlth-}
   (You bought it in a shop on level 9 of the Dungeon)

   It will always inflict at least some extra damage.
   This minimum extra damage increases with your current reserve of magical
   power.
   It protects you from poison.
   It protects you from negative energy.
   It makes you less stealthy.
 s - a +0 trident
 v - a +0 halberd of flaming
 V - a +0 bardiche
 W - a +1 glaive of flaming (weapon)
Missiles
 d - 11 throwing nets {=f}
 t - 1213 poisoned tomahawks (quivered)
 z - 232 javelins of penetration {=f}
Armour
 c - a +2 helmet (worn)
 f - a +0 pair of boots (worn)
 y - a +0 pair of gloves (worn)
 A - a +1 cloak (worn)
 D - +1 acid dragon scales (worn)
Jewellery
 h - an uncursed ring of insulation
 n - an amulet of regeneration (around neck)
 E - the ring of Coriuz {Ice +Fly MR+ Dex-3}
   (You found it on level 7 of the Dungeon)

   [ring of ice]

   It enhances your ice magic.
   It affects your dexterity (-3).
   It makes you vulnerable to fire.
   It protects you from cold.
   It affects your resistance to hostile enchantments.
   It lets you fly.
 I - a +4 ring of protection
 S - an uncursed ring of see invisible {unknown}
 Y - a +7 ring of dexterity (right hand)
 Z - the ring of the Priest (left hand) {MR- Str+8 Int+2 Stlth++}
   (You bought it in a shop in the Orcish Mines)

   [ring of stealth]

   It affects your strength (+8).
   It affects your intelligence (+2).
   It affects your resistance to hostile enchantments.
   It makes you much more stealthy.
Wands
 w - a wand of acid (19)
 F - a wand of digging (21)
 M - a wand of iceblast (19)
 T - a wand of scattershot (5)
Scrolls
 b - 2 scrolls of blinking
 g - 5 scrolls of remove curse
 i - 3 scrolls of identify
 l - 4 scrolls of magic mapping
 q - 6 scrolls of fear
 u - 7 scrolls of fog
 H - a scroll of acquirement {unknown}
 J - 2 scrolls of immolation
 K - 2 scrolls of teleportation
 O - a scroll of enchant armour
 Q - 3 scrolls of amnesia
Potions
 j - 5 potions of agility
 k - a potion of might
 m - 3 potions of flight
 o - a potion of cancellation
 p - 5 potions of curing
 r - 4 potions of brilliance
 x - 2 potions of haste
 B - 2 potions of invisibility
 C - 4 potions of resistance
 G - 3 potions of mutation
 N - a potion of ambrosia
 P - a potion of heal wounds
 X - a potion of berserk rage
Miscellaneous
 L - a box of beasts
Comestibles
 e - 26 rations {!d}


   Skills:
 + Level 13.0 Fighting
 * Level 17.6 Polearms
 + Level 6.8 Throwing
 * Level 8.1 Armour
 + Level 13.7 Dodging
 - Level 7.0 Stealth
   Level 1.3 Shields
 - Level 5.7 Spellcasting
 - Level 6.9 Charms
 - Level 2.5 Translocations
 * Level 9.9 Invocations
 + Level 4.9 Evocations


You had 15 spell levels left.
You knew the following spells:

 Your Spells              Type           Power        Failure   Level  Hunger
a - Swiftness             Chrm/Air       #.......     10%         2    None
b - Blink                 Tloc           N/A          14%         2    None
c - Song of Slaying       Chrm           ###.....     2%          2    None
d - Spectral Weapon       Hex/Chrm       #.......     21%         3    ##.....

Your spell library contained the following spells:

 Spells                   Type           Power        Failure   Level  Hunger
 Infusion                 Chrm           ###.....     1%          1    None
 Ozocubu's Armour         Chrm/Ice       #.......     21%         3    ##.....
 Regeneration             Chrm/Necr      #.........   21%         3    ##.....
 Magic Dart               Conj           #...         28%         1    None
 Shock                    Conj/Air       #....        28%         1    None
 Summon Small Mammal      Summ           #...         28%         1    None
 Call Imp                 Summ           #.....       38%         2    None
 Call Canine Familiar     Summ           #.......     63%         3    ##.....
 Conjure Flame            Conj/Fire      #.......     63%         3    ##.....
 Mephitic Cloud           Conj/Pois/Air  #.......     63%         3    ##.....
 Spider Form              Tmut/Pois      #..          63%         3    ##.....
 Static Discharge         Air            #.......     63%         3    ##.....
 Airstrike                Air            #.........   95%         4    ####...
 Summon Ice Beast         Ice/Summ       #.......     95%         4    ####...
 Lightning Bolt           Conj/Air       #.........   100%        5    ######.
 Summon Lightning Spire   Summ/Air       #.......     100%        5    ######.


Dungeon Overview and Level Annotations

Branches:
Dungeon (12/12)            Temple (1/1) D:4            Lair (5/6) D:9
 Shoals (2/3) Lair:3        Snake (0/3) Lair:3        Slime (0/5) Lair:5
    Orc (1/1) D:11            Elf (0/3) Orc          Vaults (0/3) D:11
 Depths (0/5) D:12

Altars:
Ashenzari
Cheibriados
Dithmenos
Elyvilon
Fedhas
Gozag
Hepliaklqana
Kikubaaqudgha
Lugonu
Makhleb
Nemelex Xobeh
Okawaru
Qazlal
Ru
Sif Muna
Trog
Uskayaw
Vehumet
Wu Jian
Xom
Yredelemnul
Zin
The Shining One
Jiyva

Shops:
D:4 *   D:5 *   D:6 %   D:7 :   D:9 (   D:12 (   Orc =[(=*

Annotations:
D:11 2 transporters, 3 runed translucent doors, tronn's ghost, journeyman GnFi
D:12 exclusion: 2 statues, Roxanne
Lair:5 1 runed door


Message History

The merfolk siren chants its luring song.
The faun shoots a stone.
You block the stone.
The satyr plays a rousing melody on his pipes!
The fauns go into a battle-frenzy!
The faun splashes around in the water.
You hit the faun.
The faun is almost dead.
The merfolk siren chants its luring song.
The faun shoots a stone.
The stone hits you but does no damage.
The satyr shoots an arrow.
The arrow hits you!
* * * LOW HITPOINT WARNING * * *
The faun hits you but does no damage.
The merfolk siren chants its luring song.
You feel much better. The faun casts a spell at you.
You feel as though you will be slow longer.
The faun hits you with a +0 spear!
* * * LOW HITPOINT WARNING * * *
The satyr shoots an arrow.
The arrow hits you!!
You die...

≈≈≈≈≈≈≈≈≈≈≈≈≈≈≈≈≈≈≈≈≈≈≈≈≈≈
≈≈≈≈≈≈≈≈≈≈≈≈≈≈≈≈≈≈≈..≈≈≈≈≈
≈≈≈≈≈≈≈≈≈≈≈≈≈...≈≈.....≈≈≈
≈≈≈≈≈≈≈≈≈≈≈≈≈.≈≈....##.≈≈≈
≈≈≈≈≈≈≈≈≈≈≈≈≈≈≈≈≈$..###.≈≈
≈≈≈≈≈≈≈≈≈.........≈≈
≈≈≈≈≈≈≈.%##.....≈≈
≈≈≈≈.≈.≈..#.....≈≈
≈≈≈≈≈..m≈@...≈≈..≈
≈≈≈≈≈≈≈)c........≈
≈≈≈≈≈≈.≈c........≈
≈≈≈≈≈..≈≈c.≈≈≈≈≈≈≈
≈.≈≈≈..≈≈≈≈.≈≈≈≈≈≈
≈≈.....≈.....≈≈≈≈≈ ≈
≈≈.........≈≈≈≈≈≈ ≈
≈≈....≈....≈≈≈≈≈≈
≈≈≈≈≈≈≈≈≈.≈≈≈≈≈≈≈


You could see a satyr, 2 fauns and a merfolk siren.

Vanquished Creatures
  Nikola (Shoals:2)
  A sphinx (Lair:3)
  Frances (D:12)
  An orc warlord (D:11)
  A minotaur (Shoals:1)
  A merfolk javelineer (Shoals:1)
  2 merfolk impalers (Shoals:1)
  3 vault guards
  2 hydras (Lair:5)
  6 centaur warriors
  A satyr (Shoals:1)
  Erica (D:10)
  2 tengu warriors
  2 two-headed ogres
  A sea snake (Shoals:1)
  6 orc high priests (Orc)
  Sonja (D:11)
  2 deep elf knights (D:12)
  2 unseen horrors
  2 skeletal warriors (Volcano)
  5 anaconda skeletons
  2 cyclopes
  5 orc knights
  A wizard (D:10)
  A cyclops (shapeshifter) (D:12)
  4 manticores
  A deep elf mage (D:11)
  4 orc sorcerers
  13 fauns
  Joseph (D:10)
  2 centaur zombies
  An elephant (Shoals:1)
  4 black mambas
  A water nymph (Shoals:1)
  3 merfolk sirens (Shoals:1)
  A torpor snail (Lair:5)
  12 cane toads
  6 gargoyles
  3 komodo dragons
  4 meliai
  11 merfolk
  A polar bear (Lair:4)
  7 trolls
  2 harpy skeletons (Volcano)
  8 blink frogs (Lair:2)
  2 hippogriffs
  3 slime creatures (D:12)
  2 wind drakes (Shoals:1)
  A meliai zombie (D:12)
  6 snapping turtles (Shoals:1)
  2 dream sheep (Shoals:2)
  A dream sheep (shapeshifter) (D:12)
  2 flying skulls (Volcano)
  2 water elementals
  3 alligator skeletons (Volcano)
  2 basilisks
  17 humans
  Grum (D:11)
  A hungry ghost (D:7)
  33 yaks
  2 wargs
  A steam dragon (Lair:1)
  7 crocodiles
  An acid dragon (D:10)
  6 water moccasins
  13 porcupines
  18 orc warriors
  4 sky beasts
  4 ice beasts
  2 black bears
  A soldier ant (D:5)
  A phantom (D:6)
  7 ogres
  An eye of draining (D:8)
  19 centaurs
  14 wolves
  11 bullfrogs
  A big kobold (D:10)
  A wyvern skeleton (D:6)
  A scorpion (D:10)
  A spriggan skeleton (Volcano)
  19 wights
  2 troll skeletons (Volcano)
  10 electric eels
  6 howler monkeys
  4 crimson imps
  2 jellies
  A quasit (D:5)
  A bullfrog skeleton (D:8)
  6 centaur skeletons
  A gnoll shaman (D:4)
  7 orc priests
  8 hounds
  3 iguanas
  13 orc wizards
  Jessica (D:3)
  5 worker ants
  A killer bee zombie (D:7)
  A naga skeleton (Volcano)
  2 hound skeletons
  2 howler monkey zombies
  A worker ant zombie (D:7)
  8 gnolls
  A howler monkey skeleton (D:5)
  11 adders
  2 shadow imps
  2 oozes
  8 worms
  3 adder skeletons
  5 dart slugs
  6 leopard geckos
  50 orcs
  5 giant cockroaches
  3 goblins
  6 hobgoblins
  8 jackals
  6 kobolds
  4 quokkas
  2 bats (D:2)
  2 frilled lizards
  A jackal skeleton (D:7)
  2 rats
  A plant (D:12)
568 creatures vanquished.

Vanquished Creatures (collateral kills)
  Gastronok (Lair:3)
  A faun (Shoals:1)
  A meliai (Shoals:1)
3 creatures vanquished.

Vanquished Creatures (others)
  A tengu warrior (D:12)
  A faun (Shoals:1)
  A flying skull (Volcano)
  A wraith (D:10)
  An orc (D:12)
  7 fungi
  6 plants
  3 spectral weapons
21 creatures vanquished.

Grand Total: 592 creatures vanquished

Notes
Turn   | Place    | Note
-------+----------+-------------------------------------------
     0 | D:1      | raph the Merfolk Gladiator began the quest for the Orb.
     0 | D:1      | Reached XP level 1. HP: 18/18 MP: 1/1
   369 | D:1      | Reached XP level 2. HP: 22/24 MP: 2/2
   574 | D:1      | Reached skill level 5 in Polearms
   969 | D:2      | Reached XP level 3. HP: 24/29 MP: 3/3
  1358 | D:2      | Found an opulent altar of Gozag.
  1489 | D:2      | Reached XP level 4. HP: 30/37 MP: 4/4
  1806 | D:2      | Reached skill level 6 in Polearms
  2229 | D:3      | Reached skill level 5 in Dodging
  2245 | D:3      | Reached XP level 5. HP: 33/42 MP: 5/5
  2969 | D:3      | Noticed Jessica
  2974 | D:3      | Killed Jessica
  2975 | D:3      | Reached skill level 7 in Polearms
  2997 | D:3      | Found a shimmering blue altar of Sif Muna.
  3167 | D:4      | Reached XP level 6. HP: 44/49 MP: 6/6
  3286 | D:4      | Found Wuasio's General Store.
  3360 | D:4      | Found a staircase to the Ecumenical Temple.
  3375 | Temple   | Entered the Ecumenical Temple
  3520 | Temple   | Became a worshipper of Zin the Law-Giver
  3520 | Temple   | Reached * piety under Zin
  3597 | D:4      | Reached skill level 8 in Polearms
  3631 | D:4      | Donated 100 gold pieces to Zin
  3782 | D:4      | Found a sacrificial altar of Ru.
  3887 | D:4      | Reached skill level 5 in Fighting
  3887 | D:4      | Reached XP level 7. HP: 56/56 MP: 7/7
  4077 | D:4      | Found a shattered altar of Ashenzari.
  4152 | D:4      | Found a blossoming altar of Fedhas.
  4154 | D:4      | Found an ancient bone altar of Kikubaaqudgha.
  4190 | D:4      | Reached ** piety under Zin
  4323 | D:5      | Entered Level 5 of the Dungeon
  4357 | D:5      | Reached skill level 9 in Polearms
  4383 | D:5      | Found Vup Suqysy's General Store.
  4451 | D:5      | Found a radiant altar of Vehumet.
  4910 | D:5      | Reached skill level 10 in Polearms
  4910 | D:5      | Reached XP level 8. HP: 29/64 MP: 8/8
  5139 | D:5      | Found a shimmering altar of Xom.
  5413 | D:6      | Reached skill level 11 in Polearms
  5748 | D:6      | Learned a level 2 spell: Swiftness
  5788 | D:6      | Reached XP level 9. HP: 30/71 MP: 9/9
  5959 | D:6      | Found Nauxkur's Food Shoppe.
  6353 | D:7      | Found a corrupted altar of Lugonu.
  6353 | D:7      | Found a snail-covered altar of Cheibriados.
  6369 | D:7      | Reached skill level 12 in Polearms
  6369 | D:7      | Found a glowing golden altar of the Shining One.
  6375 | D:7      | Found a faded altar of an unknown god.
  6377 | D:7      | Found a sparkling altar of Nemelex Xobeh.
  6563 | D:7      | Reached *** piety under Zin
  6678 | D:7      | Found a blossoming altar of Fedhas.
  6751 | D:7      | Found Ykahask's Book Emporium.
  6782 | D:7      | Found an iron altar of Okawaru.
  6786 | D:7      | Reached **** piety under Zin
  6792 | D:7      | Found a hide-covered altar of Uskayaw.
  6987 | D:7      | Got a crude steel ring
  6989 | D:7      | Identified the ring of Coriuz {Ice +Fly MR+ Dex-3} (You
                  | found it on level 7 of the Dungeon)
  7193 | D:7      | Found an iron altar of Okawaru.
  7243 | D:7      | Found a shadowy altar of Dithmenos.
  7530 | D:7      | Reached skill level 13 in Polearms
  8036 | D:8      | Reached skill level 14 in Polearms
  8036 | D:8      | Reached XP level 10. HP: 45/81 MP: 10/10
  8057 | D:8      | Reached skill level 10 in Dodging
  8313 | D:8      | Killed an unseen horror
  8768 | D:8      | Reached skill level 10 in Fighting
  8899 | D:8      | Reached ***** piety under Zin
  9519 | D:9      | Reached XP level 11. HP: 81/92 MP: 11/11
  9536 | D:9      | Reached skill level 1 in Stealth
  9546 | D:9      | Reached skill level 1 in Charms
  9556 | D:9      | Reached skill level 1 in Spellcasting
  9709 | D:9      | Found a staircase to the Lair.
  9848 | D:9      | Found Kimneaf's Antique Weapon Shop.
  9858 | D:9      | Bought a twisted trident for 229 gold pieces
  9858 | D:9      | Identified the +7 trident "Ruliguant" {pierce, rPois rN+
                  | Stlth-} (You bought it in a shop on level 9 of the Dungeon)
 10090 | D:9      | Learned a level 2 spell: Blink
 10261 | D:10     | Entered Level 10 of the Dungeon
 10490 | Lair:1   | Entered Level 1 of the Lair of Beasts
 10520 | Lair:1   | Reached skill level 1 in Armour
 10630 | Lair:1   | Reached skill level 1 in Invocations
 11709 | Lair:2   | Reached XP level 12. HP: 91/100 MP: 16/16
 11987 | Lair:2   | Reached skill level 15 in Polearms
 12338 | Lair:2   | Reached ****** piety under Zin
 12540 | Lair:3   | Learned a level 2 spell: Song of Slaying
 12737 | Lair:3   | Noticed Gastronok
 12744 | Lair:3   | Killed Gastronok
 12745 | Lair:3   | Reached skill level 5 in Invocations
 12815 | Lair:3   | Found a staircase to the Snake Pit.
 12815 | Lair:3   | Noticed a sphinx
 12830 | Lair:3   | Reached skill level 5 in Stealth
 12849 | Lair:3   | Paralysed by a sphinx for 4 turns
 12862 | Lair:3   | Killed a sphinx
 12863 | Lair:3   | Reached skill level 5 in Throwing
 12869 | Lair:3   | Reached XP level 13. HP: 46/106 MP: 17/19
 12920 | Lair:3   | Found a staircase to the Shoals.
 13178 | Lair:3   | Reached skill level 5 in Charms
 14631 | Lair:5   | Found a runed door.
 14633 | Lair:5   | Found a viscous altar of Jiyva.
 14939 | Lair:5   | Reached skill level 5 in Armour
 15112 | Lair:5   | Found a staircase to the Slime Pits.
 15112 | Lair:5   | Noticed an acid blob
 15413 | D:10     | Noticed Joseph
 15435 | D:10     | Noticed Erica
 15449 | D:10     | Killed Joseph
 15472 | D:10     | Killed Erica
 16335 | D:11     | Reached skill level 5 in Spellcasting
 16381 | D:11     | Noticed Sonja
 16402 | D:11     | Killed Sonja
 16504 | D:11     | Noticed a vault guard
 16505 | D:11     | Noticed a vault guard
 16505 | D:11     | Noticed a vault guard
 16537 | D:11     | Killed a vault guard
 16538 | D:11     | Reached XP level 14. HP: 59/115 MP: 21/21
 16555 | D:10     | Reached skill level 16 in Polearms
 16617 | D:11     | Found a transporter.
 16626 | D:11     | Identified the +11 battleaxe of Ytuq {drain, +Inv rF++ rC-
                  | Int+4}
 16627 | D:11     | Noticed tronn's ghost (journeyman GnFi)
 16630 | D:11     | Found a transporter.
 16646 | D:11     | Found a bloodstained altar of Trog.
 16875 | D:11     | Found a runed translucent door.
 16875 | D:11     | Found a runed translucent door.
 16875 | D:11     | Found a runed translucent door.
 16875 | D:11     | Noticed a frost giant
 16923 | D:11     | Noticed Grum
 16959 | D:11     | Killed Grum
 17078 | D:11     | Found a gate to the Vaults.
 17146 | D:11     | Found a staircase to the Orcish Mines.
 17308 | Orc      | Entered the Orcish Mines
 17355 | Orc      | Found Coofen's Jewellery Emporium.
 17371 | Orc      | Paralysed by an orc sorcerer for 2 turns
 17379 | Orc      | Paralysed by an orc sorcerer for 3 turns
 17382 | Orc      | HP: 5/115 [red devil/+0 trident[an orc high priest] (8)]
 17382 | Orc      | Demolished by a sun demon
 17383 | Orc      | Reached XP level 13. HP: -14/108 MP: 21/21
 17394 | Orc      | Found a staircase to the Elven Halls.
 17437 | Orc      | Found Avido's Antique Weapon Shop.
 17446 | Orc      | Reached skill level 1 in Evocations
 17508 | Orc      | Found Joups's Jewellery Shop.
 17527 | Orc      | Reached skill level 1 in Shields
 17567 | Orc      | Found a dark tunnel.
 17572 | Volcano  | Entered a volcano
 18368 | Orc      | Found Tinyrphuvub's Antique Armour Boutique.
 18378 | Orc      | Bought a pair of jewelled gloves for 237 gold pieces
 18383 | Orc      | Identified the +2 pair of gloves of the Shoals {rElec Str+2
                  | Dex-5 Slay+2} (You bought it in a shop in the Orcish Mines)
 18540 | Orc      | Noticed an orc warlord
 18553 | Orc      | Found Bepoos's General Store.
 18607 | D:11     | Slain by an orc warlord
 18608 | D:11     | Reached XP level 12. HP: -2/103 MP: 20/20
 18629 | D:11     | Killed an orc warlord
 18650 | D:11     | Zin protects you from harm!
 18654 | D:11     | Reached XP level 13. HP: 35/109 MP: 19/21
 19013 | Orc      | Bought a +7 ring of dexterity for 503 gold pieces
 19030 | Orc      | Reached skill level 1 in Translocations
 19063 | Orc      | Bought the ring of the Priest {MR- Str+8 Int+2 Stlth++} for
                  | 530 gold pieces
 19135 | D:12     | Entered Level 12 of the Dungeon
 19415 | D:12     | Noticed Frances
 19547 | D:12     | Noticed Roxanne
 19666 | D:12     | Identified the +2 plate armour of Joith {Dex+3}
 19721 | D:12     | Found a shimmering altar of Xom.
 19807 | D:12     | Found Rorav's Antique Weapon Boutique.
 20059 | D:12     | Killed Frances
 20125 | D:12     | Found a staircase to the Depths.
 20549 | Shoals:1 | Entered Level 1 of the Shoals
 20568 | Shoals:1 | Noticed a merfolk impaler
 20583 | Shoals:1 | Reached XP level 14. HP: 62/116 MP: 22/22
 20593 | Shoals:1 | Reached skill level 17 in Polearms
 20944 | Shoals:1 | Learned a level 3 spell: Spectral Weapon
 21239 | Shoals:1 | Found a hide-covered altar of Uskayaw.
 22010 | Shoals:2 | Noticed Nikola
 22023 | Shoals:2 | Killed Nikola
 22423 | Shoals:2 | Shot with an arrow by a satyr

Skill      XL: |  1  2  3  4  5  6  7  8  9 10 11 12 13 14 |
---------------+-------------------------------------------+-----
Polearms       | 5 6 7 8 10 11 14 15 17 | 17.6
Fighting       | 4 5 6 8 10 11 12 13 | 13.0
Dodging        | 5 6 7 8 9 12 13 | 13.7
Stealth        | 3 5 6 7 |  7.0
Charms         | 3 4 6 |  6.9
Spellcasting   | 2 4 5 |  5.7
Throwing       | 3 5 6 |  6.8
Armour         | 2 4 7 8 |  8.1
Invocations    | 2 5 9 8 |  9.9
Evocations     | 3 4 |  4.9
Shields        | 1 |  1.3
Translocations | 2 |  2.5

Action                   |  1- 3 |  4- 6 |  7- 9 | 10-12 | 13-15 || total
-------------------------+-------+-------+-------+-------+-------++-------
Melee: Trident           |    79 |   170 |   539 |   665 |   746 ||  2199
       Halberd           |       |       |       |    38 |       ||    38
       Glaive            |       |       |       |    10 |   523 ||   533
       Tailslap          |       |       |       |       |    14 ||    14
Throw: Tomahawk          |       |     3 |    18 |    21 |    37 ||    79
 Cast: Spectral Weapon   |       |       |       |       |     7 ||     7
       Song of Slaying   |       |       |       |       |     1 ||     1
Invok: Recite            |       |     1 |     9 |     6 |    16 ||    32
       Donate Gold       |       |     1 |       |       |       ||     1
       Vitalisation      |       |       |     1 |     2 |     7 ||    10
       Sanctuary         |       |       |       |       |     1 ||     1
Evoke: Wand              |       |       |     2 |     1 |     1 ||     4
  Use: Scroll            |     5 |     8 |     1 |    14 |    10 ||    38
       Potion            |       |       |     2 |     1 |     8 ||    11
 Stab: Sleeping          |     4 |       |     7 |     2 |    14 ||    27
       Confused          |       |       |     3 |       |    14 ||    17
       Distracted        |       |       |       |     2 |    11 ||    13
       Invisible         |       |       |       |       |     7 ||     7
       Paralysed         |       |       |       |       |     6 ||     6
  Eat: Chunk             |     3 |    10 |     6 |    19 |    26 ||    64
       Ration            |       |     1 |     4 |     2 |     7 ||    14
Armor: Leather armour    |     7 |    35 |    77 |    15 |       ||   134
       Troll leather arm |       |       |       |    13 |       ||    13
       Acid dragon scale |       |       |       |    39 |   202 ||   241
Dodge: Dodged            |    33 |   144 |   301 |   452 |   979 ||  1909
Block: Medium shield     |       |       |       |       |   142 ||   142
       Other             |       |       |       |       |     4 ||     4
